 Dungeon Crawl Stone Soup version 0.26-a0-412-ga3d1f51b80 (webtiles) character file.

Game seed: 8627602924944824896

25 ReteAZ the Chiller (level 2, 0/15 HPs)
             Began as a Deep Elf Ice Elementalist on July 24, 2020.
             Succumbed to a kobold's poison
             ... on level 1 of the Dungeon.
             The game lasted 00:01:14 (661 turns).

ReteAZ the Chiller (Deep Elf Ice Elementalist)       Turns: 661, Time: 00:01:15

Health: 0/15       AC:  2    Str:  5    XL:     2   Next: 86%
Magic:  7/8        EV: 13    Int: 19    God:
Gold:   46         SH:  0    Dex: 15    Spells: 7/8 levels left

rFire    . . .     SeeInvis .   g - +1 short sword (venom)
rCold    . . .     Faith    .   (no shield)
rNeg     . . .     Spirit   .   a - +0 robe
rPois    .         Reflect  .   (no helmet)
rElec    .         Harm     .   (no cloak)
rCorr    .                      (no gloves)
MR       .....                  (no boots)
Stlth    ++........             (no amulet)
HPRegen  0.05/turn              (no ring)
MPRegen  0.11/turn              (no ring)

@: lethally poisoned (0 -> -16), stab
A: no striking features
a: no special abilities


You were on level 1 of the Dungeon.
You visited 1 branch of the dungeon, and saw 1 of its levels.

You collected 46 gold pieces.

Inventory:

Hand Weapons
 b - a +0 club
 g - a +1 short sword of venom (weapon)
Armour
 a - a +0 robe (worn)
Jewellery
 e - an uncursed ring of see invisible {unknown}
Scrolls
 d - a scroll of identify {unknown}
 f - a scroll of teleportation {unknown}
Potions
 c - a potion of stabbing


   Skills:
 - Level 2.4 Dodging
 - Level 2.4 Stealth
 + Level 3.6 Spellcasting
 * Level 5.1 Ice Magic


You had 7 spell levels left.
You knew the following spells:

 Your Spells              Type           Power        Failure   Level
a - Freeze                Ice            ###.         1%          1

Your spell library contained the following spells:

 Spells                   Type           Power        Failure   Level
 Frozen Ramparts          Ice            ###...       5%          3
 Ozocubu's Armour         Ice            ###.....     5%          3
 Hailstorm                Conj/Ice       ##......     45%         4
 Summon Ice Beast         Ice/Summ       ##......     45%         4


Dungeon Overview and Level Annotations

Branches:
Dungeon (1/15)

Altars:


Message History

g - a +1 short sword of venom (weapon)
Things that are here:
4 stones; a kobold corpse
There is a lethal amount of poison in your body!
Things that are here:
4 stones; a kobold corpse It was a potion of stabbing.
You feel ready to backstab.
* * * LOW HITPOINT WARNING * * *
You feel sick.
Things that are here:
4 stones; a kobold corpse
There is a lethal amount of poison in your body!
Things that are here:
4 stones; a kobold corpse
* * * LOW HITPOINT WARNING * * *
You feel sick.
Things that are here:
4 stones; a kobold corpse You die...

#..รท........
##########.#...#. .
#.....)..)....... ..
....########.##..##
...#### #######
#.##>.#. ...>.
......###.......
...#####......###...
#..#...............
#@#.######...###..
#....# #........
####.# #...###.# .#
#...# .. ....# ###
#.... #..#.


There were no monsters in sight!

Vanquished Creatures
  A dart slug (D:1)
  A leopard gecko (D:1)
  2 bats (D:1)
  6 goblins (D:1)
  4 hobgoblins (D:1)
  3 kobolds (D:1)
  2 rats (D:1)
19 creatures vanquished.

Notes
Turn   | Place    | Note
-------+----------+-------------------------------------------
     0 | D:1      | ReteAZ the Deep Elf Ice Elementalist began the quest for
                  | the Orb.
     0 | D:1      | Reached XP level 1. HP: 10/10 MP: 6/6
   127 | D:1      | Reached XP level 2. HP: 14/15 MP: 5/8
   256 | D:1      | Reached skill level 5 in Ice Magic
   661 | D:1      | Succumbed to a kobold's poison

Illustrated notes

Levels and vault maps discovered:
D:1:      dpeg_arrival_radiant, layout_rooms

Skill      XL: |  1  2 |
---------------+-------+-----
Ice Magic      | 5 |  5.1
Dodging        | |  2.4
Stealth        | |  2.4
Spellcasting   | |  3.6

Action                   || total
-------------------------++-------
Melee: Club              ||     9
 Cast: Freeze            ||    25
  Use: Potion            ||     1
 Stab: Distracted        ||     1
Armor: Robe              ||     5
Dodge: Dodged            ||    11

Table legend: (Time is in decaauts)
 A = Elapsed time spent in this place.
 B = Non-inter-level travel time spent in this place.
 C = Inter-level travel time spent in this place.
 D = Time resting spent in this place.
 E = Time spent auto-exploring this place.
 F = Levels seen in this place.
 G = Mean time per level.
                   A        B        C        D        E       F      G
               +--------+--------+--------+--------+--------+-----+--------+
         Total |    662 |    662 |      0 |    316 |    198 |   1 |  662.0 |
       Dungeon |    662 |    662 |      0 |    316 |    198 |   1 |  662.0 |
               +--------+--------+--------+--------+--------+-----+--------+

Top non-repeatable levels by time:
     D:1: 662 daAuts
